MLB
CHICAGO CUBS @ PITTSBURGH PIRATES
06/12/2044
 
TOP OF THE 1ST
Chicago Cubs batting - Pitching for Pittsburgh Pirates : LHP Sam Richardson
Pitching: LHP Sam Richardson
Batting: RHB Yasuhide Kasahara 0-0: Called Strike
0-1: Fly out, F9 (Flyball, 9, EV 91.2 MPH)
Batting: LHB Kevin Norton 0-0: Swinging Strike
0-1: Called Strike
0-2: Ball
1-2: Strikes out swinging passed ball, reaches first!
Batting: RHB Efrain Vargas 0-0: Called Strike
0-1: Ball
1-1: Foul Ball, location: 2F
1-2: Ball
2-2: Fly out, F9 (Flyball, 9S, EV 86.9 MPH)
Batting: RHB Josh Kalman 0-0: Foul Ball, location: 2F
0-1: Foul Ball, location: 2F
0-2: Strikes out swinging
Top of the 1st over - 0 runs, 0 hits, 0 errors, 1 left on base; Chicago 0 - Pittsburgh 0
BOTTOM OF THE 1ST
Pittsburgh Pirates batting - Pitching for Chicago Cubs : RHP Chris Ishii
Pitching: RHP Chris Ishii
Batting: RHB Jeckel Hester 0-0: Ball
1-0: Called Strike
1-1: Ball
2-1: Fly out, F4 (Line Drive, 4, EV 65.6 MPH)
Batting: RHB Eisse Bravenboer 0-0: Ball
1-0: Bunt for hit to 15S - play at first, batter OUT! 1-3
Batting: RHB Vincent Poopwell 0-0: Ball
1-0: Called Strike
1-1: Ball
2-1: Ball
3-1: Foul Ball, location: 2F
3-2: Foul Ball, location: 2F
3-2: Foul Ball, location: 2F
3-2: Foul Ball, location: 2F
3-2: Base on Balls
Batting: SHB Marvin McAleer 0-0: Ball
Vincent Poopwell is caught stealing 2nd base 2-6
Bottom of the 1st over - 0 runs, 0 hits, 0 errors, 0 left on base; Chicago 0 - Pittsburgh 0
TOP OF THE 2ND
Chicago Cubs batting - Pitching for Pittsburgh Pirates : LHP Sam Richardson
Batting: RHB Elijah Campbell 0-0: Ball
1-0: Ball
2-0: Ball
3-0: Foul Ball, location: 2F
3-1: Called Strike
3-2: Foul Ball, location: 2F
3-2: Base on Balls
Batting: RHB Will Leslie 0-0: Called Strike
0-1: Called Strike
0-2: Foul Ball, location: 2F
0-2: Ball
1-2: Strikes out swinging
Batting: RHB Steve Bui 0-0: Called Strike
0-1: Ball
1-1: Ball
2-1: Ball
3-1: Swinging Strike
3-2: Base on Balls
Elijah Campbell to second
Batting: RHB Andy Wasierski 0-0: Swinging Strike
0-1: Ball
1-1: Swinging Strike
1-2: Foul Ball, location: 2F
1-2: Strikes out swinging
Batting: RHB Jamie Ogilvie 0-0: Swinging Strike
0-1: Foul Ball, location: 2F
0-2: Strikes out swinging
Top of the 2nd over - 0 runs, 0 hits, 0 errors, 2 left on base; Chicago 0 - Pittsburgh 0
BOTTOM OF THE 2ND
Pittsburgh Pirates batting - Pitching for Chicago Cubs : RHP Chris Ishii
Batting: SHB Marvin McAleer 0-0: Ball
1-0: Foul Ball, location: 2F
1-1: Ball
2-1: Swinging Strike
2-2: Ball
3-2: Base on Balls
Batting: RHB Steve Jordan 0-0: Foul Ball, location: 2F
0-1: Ball
1-1: Foul Ball, location: 2F
1-2: Foul Ball, location: 2F
1-2: Ball
2-2: Strikes out swinging
Batting: LHB Theodore Conboy 0-0: Ball
Marvin McAleer is caught stealing 2nd base 2-6
1-0: Ball
2-0: Called Strike
2-1: Foul Ball, location: 2F
2-2: Foul Ball, location: 2F
2-2: Foul Ball, location: 2F
2-2: Ball
3-2: DOUBLE (Line Drive, 78M, EV 112.5 MPH)
Batting: RHB Andrew Robinson 0-0: Foul Ball, location: 2F
0-1: Foul Ball, location: 2F
0-2: Strikes out looking
Bottom of the 2nd over - 0 runs, 1 hit, 0 errors, 1 left on base; Chicago 0 - Pittsburgh 0
TOP OF THE 3RD
Chicago Cubs batting - Pitching for Pittsburgh Pirates : LHP Sam Richardson
Batting: RHB Yasuhide Kasahara 0-0: Ball
1-0: Called Strike
1-1: Ground out U3 (Groundball, 3L, EV 86.2 MPH)
Batting: LHB Kevin Norton 0-0: Ball
1-0: Called Strike
1-1: Foul Ball, location: 2F
1-2: Ball
2-2: Ball
3-2: Base on Balls
Batting: RHB Efrain Vargas 0-0: Ball
1-0: Called Strike
1-1: Ball
2-1: Grounds into double play, 5-4-3 (Groundball, 56, EV 80.6 MPH)
Top of the 3rd over - 0 runs, 0 hits, 0 errors, 0 left on base; Chicago 0 - Pittsburgh 0
BOTTOM OF THE 3RD
Pittsburgh Pirates batting - Pitching for Chicago Cubs : RHP Chris Ishii
Batting: RHB Tommie Eaton 0-0: Called Strike
0-1: SINGLE (Line Drive, 34D, EV 102.5 MPH)
Batting: RHB Mike Thornton 0-0: Ball
1-0: Called Strike
1-1: Ball
2-1: Foul Ball, location: 2F
2-2: Ball
3-2: Foul Ball, location: 2F
3-2: Base on Balls
Tommie Eaton to second
Batting: RHB Jeckel Hester 0-0: Grounds into double play, 3-6-3 (Groundball, 3, EV 87.5 MPH)
Tommie Eaton to third
Batting: RHB Eisse Bravenboer 0-0: Swinging Strike
0-1: Ball
1-1: Swinging Strike
1-2: Fly out, F9 (Flyball, 9S, EV 94.4 MPH)
Bottom of the 3rd over - 0 runs, 1 hit, 0 errors, 1 left on base; Chicago 0 - Pittsburgh 0
TOP OF THE 4TH
Chicago Cubs batting - Pitching for Pittsburgh Pirates : LHP Sam Richardson
Batting: RHB Josh Kalman 0-0: Ball
1-0: SINGLE (Groundball, 56D, EV 102.5 MPH)
Batting: RHB Elijah Campbell 0-0: Called Strike
0-1: Ball
1-1: Ball
2-1: Swinging Strike
2-2: Strikes out swinging
Batting: RHB Will Leslie 0-0: Ball
1-0: Ball
2-0: Called Strike
2-1: Grounds into double play, 4-6-3 (Groundball, 4S, EV 85.0 MPH)
Top of the 4th over - 0 runs, 1 hit, 0 errors, 0 left on base; Chicago 0 - Pittsburgh 0
BOTTOM OF THE 4TH
Pittsburgh Pirates batting - Pitching for Chicago Cubs : RHP Chris Ishii
Batting: RHB Vincent Poopwell 0-0: Called Strike
0-1: Fly out, F7 (Flyball, 78M, EV 93.1 MPH)
Batting: SHB Marvin McAleer 0-0: Foul Ball, location: 2F
0-1: Ball
1-1: Called Strike
1-2: Ground out 4-3 (Groundball, 34, EV 106.2 MPH)
Batting: RHB Steve Jordan 0-0: Called Strike
0-1: Ball
1-1: Ball
2-1: Foul Ball, location: 2F
2-2: Ball
3-2: Ground out 4-3 (Groundball, 4, EV 82.5 MPH)
Bottom of the 4th over - 0 runs, 0 hits, 0 errors, 0 left on base; Chicago 0 - Pittsburgh 0
TOP OF THE 5TH
Chicago Cubs batting - Pitching for Pittsburgh Pirates : LHP Sam Richardson
Batting: RHB Steve Bui 0-0: Swinging Strike
0-1: Called Strike
0-2: DOUBLE (Line Drive, 9LS, EV 97.5 MPH)
Batting: RHB Andy Wasierski 0-0: Called Strike
0-1: Ground out U3 (Groundball, 34S, EV 74.4 MPH)
Steve Bui to third
Batting: RHB Jamie Ogilvie 0-0: Called Strike
0-1: Ball
1-1: Ball
2-1: Ball
3-1: Base on Balls
Batting: RHB Yasuhide Kasahara 0-0: Swinging Strike
0-1: Ball
1-1: Swinging Strike
1-2: Ball
2-2: Ball
3-2: Foul Ball, location: 2F
3-2: Fly out, F3 (Popup, 3L, EV 77.5 MPH)
Batting: LHB Kevin Norton 0-0: Ball
1-0: Ball
Jamie Ogilvie steals 2nd base (no throw)
2-0: Called Strike
2-1: Foul Ball, location: 2F
2-2: Ball
3-2: Fly out, F9 (Flyball, 9LM, EV 100.0 MPH)
Top of the 5th over - 0 runs, 1 hit, 0 errors, 2 left on base; Chicago 0 - Pittsburgh 0
BOTTOM OF THE 5TH
Pittsburgh Pirates batting - Pitching for Chicago Cubs : RHP Chris Ishii
Batting: LHB Theodore Conboy 0-0: Fly out, F8 (Flyball, 8RXD, EV 83.1 MPH)
Batting: RHB Andrew Robinson 0-0: Ball
1-0: Called Strike
1-1: Foul Ball, location: 2F
1-2: Ball
2-2: Foul Ball, location: 2F
2-2: Strikes out swinging
Batting: RHB Tommie Eaton 0-0: Foul Ball, location: 2F
0-1: Fly out, F3 (Line Drive, 4, EV 66.9 MPH)
Bottom of the 5th over - 0 runs, 0 hits, 0 errors, 0 left on base; Chicago 0 - Pittsburgh 0
TOP OF THE 6TH
Chicago Cubs batting - Pitching for Pittsburgh Pirates : LHP Sam Richardson
Batting: RHB Efrain Vargas 0-0: Foul Ball, location: 2F
0-1: Ball
1-1: Ball
2-1: Called Strike
2-2: SINGLE (Groundball, 4MD, EV 97.5 MPH)
Batting: RHB Josh Kalman 0-0: Called Strike
0-1: Foul Ball, location: 2F
0-2: Ball
1-2: Foul Ball, location: 2F
1-2: TRIPLE (Flyball, 8LXD, EV 86.2 MPH)
Efrain Vargas scores
Batting: RHB Elijah Campbell 0-0: Ball
1-0: Foul Ball, location: 2F
1-1: Fly out, F7 (Flyball, 7D, EV 78.1 MPH)
Runner from 3rd tags up, SCORES, throw by LF
Batting: RHB Will Leslie 0-0: Ground out U3 (Groundball, 3, EV 79.4 MPH)
Batting: RHB Steve Bui 0-0: Ball
1-0: Ground out 6-3 (Groundball, 6, EV 81.9 MPH)
Top of the 6th over - 2 runs, 2 hits, 0 errors, 0 left on base; Chicago 2 - Pittsburgh 0
BOTTOM OF THE 6TH
Pittsburgh Pirates batting - Pitching for Chicago Cubs : RHP Chris Ishii
Batting: RHB Mike Thornton 0-0: Called Strike
0-1: Ball
1-1: Ground out 4-3 (Groundball, 4, EV 80.6 MPH)
Batting: RHB Jeckel Hester 0-0: Ball
1-0: Ball
2-0: Called Strike
2-1: Swinging Strike
2-2: Ball
3-2: Strikes out looking
Batting: RHB Eisse Bravenboer 0-0: Ball
1-0: Ball
2-0: Called Strike
2-1: Foul Ball, location: 2F
2-2: Ground out 4-3 (Groundball, 4, EV 84.4 MPH)
Bottom of the 6th over - 0 runs, 0 hits, 0 errors, 0 left on base; Chicago 2 - Pittsburgh 0
TOP OF THE 7TH
Chicago Cubs batting - Pitching for Pittsburgh Pirates : LHP Sam Richardson
Batting: RHB Andy Wasierski 0-0: Ball
1-0: Called Strike
1-1: Foul Ball, location: 2F
1-2: Ball
2-2: Foul Ball, location: 2F
2-2: Ball
3-2: Ground out 6-3 (Groundball, 6D, EV 76.9 MPH)
Pitching: RHP Kody Mason
Batting: RHB Jamie Ogilvie 0-0: Hit by Pitch
Batting: RHB Yasuhide Kasahara 0-0: Called Strike
0-1: Called Strike
0-2: Ball
1-2: Ball
2-2: Fly out, F9 (Line Drive, 9, EV 103.1 MPH)
Batting: LHB Kevin Norton 0-0: Ball
1-0: Ground out U3 (Groundball, 3, EV 108.1 MPH)
Top of the 7th over - 0 runs, 0 hits, 0 errors, 1 left on base; Chicago 2 - Pittsburgh 0
BOTTOM OF THE 7TH
Pittsburgh Pirates batting - Pitching for Chicago Cubs : RHP Chris Ishii
Batting: RHB Vincent Poopwell 0-0: Ball
1-0: Ball
2-0: Ball
3-0: Called Strike
3-1: Ground out 5-3 (Groundball, 5, EV 89.4 MPH)
Pitching: RHP Yeong-kil Suck
Batting: SHB Marvin McAleer 0-0: Called Strike
0-1: Ball
1-1: Ball
2-1: Foul Ball, location: 2F
2-2: Ball
3-2: Foul Ball, location: 2F
3-2: Base on Balls
Batting: RHB Steve Jordan 0-0: Called Strike
0-1: Ball
1-1: Ball
2-1: SINGLE (Line Drive, 89S, EV 105.0 MPH)
Marvin McAleer to second
Batting: LHB Theodore Conboy 0-0: Ball
1-0: Fly out, F9 (Flyball, 9LM, EV 98.8 MPH)
Runner from 2nd tags up, SAFE at 3rd, no throw by RF
Batting: RHB Andrew Robinson 0-0: Called Strike
Pickoff Throw to First - Out! 1-3
Bottom of the 7th over - 0 runs, 1 hit, 0 errors, 1 left on base; Chicago 2 - Pittsburgh 0
TOP OF THE 8TH
Chicago Cubs batting - Pitching for Pittsburgh Pirates : RHP Kody Mason
Batting: RHB Efrain Vargas 0-0: Swinging Strike
0-1: Fly out, F3 (Popup, 34, EV 73.1 MPH)
Batting: RHB Josh Kalman 0-0: Foul Ball, location: 2F
0-1: Foul Ball, location: 2F
0-2: Foul Ball, location: 2F
0-2: Ball
1-2: DOUBLE (Line Drive, 89M, EV 93.1 MPH)
Batting: RHB Elijah Campbell 0-0: Ball
1-0: DOUBLE (Flyball, 8LXD, EV 105.6 MPH)
Josh Kalman scores
Batting: RHB Will Leslie 0-0: Ground out 6-3 (Groundball, 6, EV 105.0 MPH)
Batting: RHB Steve Bui 0-0: Called Strike
0-1: Ball
1-1: Ball
2-1: Called Strike
2-2: Foul Ball, location: 2F
2-2: Ball
3-2: Strikes out swinging
Top of the 8th over - 1 run, 2 hits, 0 errors, 1 left on base; Chicago 3 - Pittsburgh 0
BOTTOM OF THE 8TH
Pittsburgh Pirates batting - Pitching for Chicago Cubs : RHP Yeong-kil Suck
Batting: RHB Andrew Robinson 0-0: Called Strike
0-1: Foul Ball, location: 2F
0-2: Ground out 6-3 (Groundball, 56, EV 106.9 MPH)
Batting: RHB Tommie Eaton 0-0: Ball
1-0: Swinging Strike
1-1: Called Strike
1-2: Strikes out swinging
Batting: RHB Mike Thornton 0-0: SINGLE (Flyball, 5D, EV 86.9 MPH)
Batting: RHB Jeckel Hester 0-0: Foul Ball, location: 2F
0-1: SINGLE (Line Drive, 4MD, EV 100.0 MPH)
Mike Thornton to second
Runner from 2nd tries for 3rd, SAFE, throw by CF made to third
Batting: RHB Eisse Bravenboer 0-0: Called Strike
0-1: Called Strike
0-2: Ground out 5-3 (Groundball, 56S, EV 60.6 MPH)
Bottom of the 8th over - 0 runs, 2 hits, 0 errors, 2 left on base; Chicago 3 - Pittsburgh 0
TOP OF THE 9TH
Chicago Cubs batting - Pitching for Pittsburgh Pirates : RHP Kody Mason
Pitching: LHP Matt Huston
Batting: RHB Andy Wasierski 0-0: Called Strike
0-1: Ball
1-1: Ball
2-1: Foul Ball, location: 2F
2-2: Ball
3-2: Strikes out looking
Batting: RHB Jamie Ogilvie 0-0: Called Strike
0-1: Foul Ball, location: 2F
0-2: Strikes out looking
Batting: RHB Yasuhide Kasahara 0-0: Ball
1-0: Foul Ball, location: 2F
1-1: Ball
2-1: Fly out, F7 (Flyball, 78M, EV 85.6 MPH)
Top of the 9th over - 0 runs, 0 hits, 0 errors, 0 left on base; Chicago 3 - Pittsburgh 0
BOTTOM OF THE 9TH
Pittsburgh Pirates batting - Pitching for Chicago Cubs : RHP Yeong-kil Suck
Pitching: LHP George Poirier
Batting: RHB Vincent Poopwell 0-0: Ground out 6-3 (Groundball, 6S, EV 90.0 MPH)
Batting: SHB Marvin McAleer 0-0: Called Strike
0-1: Foul Ball, location: 2F
0-2: Strikes out looking
Batting: RHB Steve Jordan 0-0: Swinging Strike
0-1: Ball
1-1: Called Strike
1-2: Ground out 4-3 (Groundball, 4, EV 86.2 MPH)
Bottom of the 9th over - 0 runs, 0 hits, 0 errors, 0 left on base; Chicago 3 - Pittsburgh 0
Thursday, March 31st , 2022 - OOTP Baseball 22.12 Build 89